 Dungeon Crawl Stone Soup version 0.31-a0-965-g8a8ce12e04 (webtiles) character file.

Game seed: 11733000418756448459

5471 IndexError the Destroyer (level 10, -5/71 HPs)
             Began as a Demonspawn Conjurer on Oct 26, 2023.
             Was a Follower of Vehumet.
             Slain by a merfolk
             ... wielding a +0 trident
              (12 damage)
             ... on level 10 of the Dungeon.
             The game lasted 00:21:35 (10050 turns).

IndexError the Destroyer (Demonspawn Conjurer)     Turns: 10050, Time: 00:21:36

Health: -5/71      AC: 14    Str:  8    XL:     10   Next: 42%
Magic:  24/24      EV: 11    Int: 23    God:    Vehumet [*.....]
Gold:   533        SH:  0    Dex: 12    Spells: 18/29 levels left

rFire   . . .        g - +7 sceptre of Torment {pain, torment}
rCold   . . .        (no shield)
rNeg    . . .        C - +6 leather armour of Makhleb {Rampage}
rPois   .            (helmet restricted)
rElec   .            d - +0 cloak
rCorr   +            i - +0 pair of gloves
SInv    .            A - +0 pair of boots
Will    .....        (no amulet)
Stlth   ++           e - ring of resist corrosion
HPRegen 0.31/turn    B - ring of flight {+Fly, !d}
MPRegen 0.19/turn

%: rampage
@: flying
A: horns 1, powered by death 1, sharp scales 2, demonic magic 1
a: Renounce Religion


You were on level 10 of the Dungeon.
You worshipped Vehumet.
Vehumet was aware of your devotion.
You visited 2 branches of the dungeon, and saw 11 of its levels.

You collected 533 gold pieces.

Inventory:

Hand Weapons
 g - the +7 sceptre of Torment (weapon) {pain, torment}
   (You found it on level 2 of the Dungeon)
Missiles
 t - 5 atropa-tipped darts
Armour
 d - a +0 cloak (worn)
   (You found it on level 1 of the Dungeon)
 i - a +0 pair of gloves (worn)
   (You found it on level 2 of the Dungeon)
 j - the +1 leather armour "Hoemolaac" {+Inv Fly rPois Dex-5}
   (You found it on level 3 of the Dungeon)

   Dex-5:     It affects your dexterity (-5).
   rPois:     It protects you from poison +Inv: It lets you turn invisible.
   Fly:       It grants you flight.
 A - a +0 pair of boots (worn)
   (You found it on level 6 of the Dungeon)
 C - the +6 leather armour of Makhleb (worn) {Rampage}
   (You found it on level 6 of the Dungeon)

   Rampage:   It bestows one free step when moving towards enemies.
Magical Staves
 v - a staff of conjuration {!a}
   (You found it on level 5 of the Dungeon)
Jewellery
 e - a ring of resist corrosion (left hand)
   (You found it on level 1 of the Dungeon)
 B - a ring of flight (right hand) {+Fly, !d}
   (You found it on level 6 of the Dungeon)
 E - a ring of protection from cold {rC+, !d}
   (You found it on level 7 of the Dungeon)
Wands
 m - a wand of roots (10)
   (You took it off Ijyb on level 3 of the Dungeon)
 n - a wand of polymorph (6)
   (You found it on level 3 of the Dungeon)
 w - a wand of flame (11)
   (You found it on level 5 of the Dungeon)
 y - a wand of charming (6)
   (You found it on level 6 of the Dungeon)
 D - a wand of mindburst (18)
   (You found it on level 6 of the Dungeon)
Scrolls
 a - 2 scrolls of fear {unknown}
 h - 10 scrolls of identify {unknown}
 k - 2 scrolls of enchant armour {unknown}
 l - 2 scrolls of revelation {unknown}
 s - a scroll of amnesia {unknown}
 x - 2 scrolls of poison {unknown}
 z - 2 scrolls of immolation {unknown}
 F - a scroll of blinking {unknown}
 I - 2 scrolls of teleportation {unknown}
Potions
 b - a potion of magic
 c - 2 potions of brilliance {unknown}
 f - 3 potions of attraction {unknown}
 o - 2 potions of mutation {unknown}
 p - a potion of lignification {unknown}
 q - 3 potions of heal wounds {unknown}
 r - 4 potions of curing {unknown}
 u - 2 potions of enlightenment {unknown}
 G - a potion of berserk rage {unknown}
 H - a potion of might {unknown}


   Skills:
 + Level 4.1 Fighting
 - Level 1.7 Dodging
 - Level 1.7 Stealth
 - Level 10.0 Spellcasting
 - Level 10.0 Conjurations
 + Level 4.1 Hexes
 + Level 3.0 Translocations


You had 18 spell levels left.
You knew the following spells:

 Your Spells              Type           Power      Damage    Failure   Level
a - Magic Dart            Conj           100%       1d8       1%          1
b - Searing Ray           Conj           100%       2d8       1%          2
c - Fulminant Prism       Conj/Hex       21%        3d12      4%          4
x - Iskenderun's Mystic   Conj/Tloc      41%        2d9       5%          4

Your spell library contained the following spells:

 Spells                   Type           Power      Damage    Failure   Level
 Kiss of Death            Conj/Necr      100%       2d13      1%          1
 Momentum Strike          Conj/Tloc      82%        3d10      1%          2
 Dazzling Flash           Conj/Hex       86%        N/A       1%          3
 Apportation              Tloc           50%        N/A       2%          1
 Blink                    Tloc           50%        N/A       3%          2
 Lesser Beckoning         Tloc           50%        N/A       3%          2
 Necrotise                Necr           44%        1d6       9%          1
 Sting                    Tmut/Pois      44%        1d5       9%          1
 Summon Small Mammal      Summ           44%        N/A       9%          1
 Poisonous Vapours        Pois/Air       22%        N/A       12%         2
 Olgreb's Toxic Radiance  Pois           11%        N/A       63%         4


Dungeon Overview and Level Annotations

Branches:
Dungeon (11/15)            Temple (1/1) D:4
   Lair: D:8-11         Orc: D:9-12

Altars:
Ashenzari
Cheibriados
Dithmenos
Gozag
Hepliaklqana
Kikubaaqudgha
Makhleb
Nemelex Xobeh
Okawaru
Qazlal
Ru
Sif Muna
Trog
Uskayaw
Vehumet
Wu Jian
Xom
Yredelemnul

Shops:
D:1 =   D:2 ?   D:5 =


Innate Abilities, Weirdness & Mutations

You have a pair of small horns on your head.
You regenerate a little health from kills.
You are mostly covered in razor-sharp scales. (AC +2, Slay +2)
Spells you cast may paralyse adjacent enemies.


Message History

Your Translocations skill increases to level 2!
There is a shaft here.
o - 2 metallic blue potions (gained 1)
A cyclops comes into view.
Health restored: 70; MP restored: 24 The cyclops shouts!
You start waiting.
A cyclops is nearby!
You puncture the cyclops! Your headbutt misses the cyclops.
The cyclops hits you!
You take 9 damage, and have 61/70 hp.
You hit the cyclops. You headbutt the cyclops. The cyclops hits you!
You take 11 damage, and have 50/70 hp.
You hit the cyclops. You headbutt the cyclops.
The cyclops hits you but does no damage.
You barely miss the cyclops. The cyclops hits you!
You take 11 damage, and have 39/70 hp.
You are too injured to fight recklessly!
You are too injured to fight recklessly!
You sock the cyclops! The cyclops hits you.
You take 4 damage, and have 35/70 hp.
You sock the cyclops! Vehumet accepts your kill.
HP restored.
You see here 3 large rocks {!d}.
A gargoyle comes into view. It is wielding a +0 flail.
Health restored: 71 A gargoyle is nearby!
A gargoyle is nearby!
Casting: Searing Ray (safe; 1% risk of failure)
Confirm with . or Enter, or press ? or * to list all spells.
Aiming: Magic Dart (safe; 1% risk of failure)
Press: ? - help, Shift-Dir - straight line, f - gargoyle
Aim: a gargoyle, wielding a +0 flail (dormant, 100% to hit)
The magic dart hits the gargoyle.
Malevolent energies surge around you.
You now have 23/24 mp.
Found a stone staircase leading down.
You see here 6 poisoned darts.
MP restored: 24 You see here 3 large rocks {!d}.
The gargoyle hits you with a +0 flail.
You take 3 damage, and have 68/71 hp.
You hit the gargoyle. Your headbutt misses the gargoyle.
The gargoyle barely misses you.
You barely miss the gargoyle. Your headbutt misses the gargoyle.
The gargoyle completely misses you. The gargoyle hits you with a +0 flail!
You take 7 damage, and have 62/71 hp.
You puncture the gargoyle!
The gargoyle hits you but does no damage.
You puncture the gargoyle! Vehumet accepts your kill.
Your Fighting skill increases to level 4!
Your Hexes skill increases to level 4!
Your Translocations skill increases to level 3!
You regained 2 hp, and now have 65/71 hp.
No target in view!
You see here a +0 flail.
Found an escape hatch in the floor.
Health restored: 71 You pick up a book of Spatial Translocations and begin reading...
You add the spells Blink, Momentum Strike and Lesser Beckoning to your library.
Found two stone staircases leading up.
Found a stone staircase leading up.
There is a stone staircase leading down here.
I - 2 scrolls labelled WAYDGH HAOXOWOG (gained 1)
Found a stone staircase leading down.
There is a stone staircase leading up here.
You fly upwards.
There is a stone staircase leading down here.
You hit the merfolk. The merfolk hits you with a +0 trident!
You take 10 damage, and have 61/71 hp.
You closely miss the merfolk. You headbutt the merfolk.
The merfolk barely misses you. The merfolk hits you with a +0 trident.
You take 2 damage, and have 59/71 hp.
You sock the merfolk! The merfolk hits you with a +0 trident.
You take 2 damage, and have 57/71 hp.
You hit the merfolk. You headbutt the merfolk.
The merfolk hits you with a +0 trident. The merfolk closely misses you.
You closely miss the merfolk.
You headbutt the merfolk, but do no damage.
The merfolk barely misses you.
You closely miss the merfolk. Your headbutt misses the merfolk.
The merfolk hits you with a +0 trident.
The merfolk hits you but does no damage.
You take 5 damage, and have 52/71 hp.
You closely miss the merfolk. The merfolk hits you with a +0 trident.
You take 4 damage, and have 48/71 hp.
You sock the merfolk! Your headbutt misses the merfolk.
The merfolk hits you with a +0 trident!
The merfolk hits you with a +0 trident!!
* * * LOW HITPOINT WARNING * * *
You take 30 damage, and have 18/71 hp.
MASSIVE DAMAGE!!
You are too injured to fight recklessly!
You are too injured to fight recklessly!
You barely miss the merfolk. Your headbutt misses the merfolk.
The merfolk hits you with a +0 trident!
* * * LOW HITPOINT WARNING * * *
You take 11 damage, and have 7/71 hp.
You thump the merfolk! The merfolk hits you with a +0 trident!
You die...

#####
##≈≈≈##
##≈≈≈~~##
#~~(m..~#
+~.!@?.~+
#~..$.~≈#
##≈≈~~≈##
##≈≈≈##
#####


You could see a merfolk.

Vanquished Creatures
  Pikel (D:7)
  A cyclops (D:11)
  A gargoyle (D:11)
  2 unseen horrors (D:11)
  A troll (D:11)
  A wraith (D:11)
  A shadow (D:7)
  Sigmund (D:3)
  A steam dragon (D:7)
  An orc warrior (D:6)
  3 water moccasins
  3 ice beasts
  3 black bears
  3 sky beasts
  An ogre (D:5)
  A centaur (D:11)
  2 lemures
  A phantom (D:6)
  2 bullfrogs (D:7)
  A gnoll sergeant (D:8)
  3 scorpions
  4 wights (D:7)
  4 killer bees (D:7)
  8 hounds
  An orc priest (D:3)
  A jelly (D:6)
  2 gnoll boudas
  Natasha (thrice) (D:3)
  4 iguanas (D:5)
  Ijyb (D:3)
  An orc wizard (D:6)
  15 gnolls
  4 adders
  2 ufetubi (D:5)
  5 worms
  28 orcs
  9 endoplasms
  6 giant cockroaches
  5 goblins
  8 hobgoblins
  7 kobolds
  4 quokkas
  2 ball pythons
  11 bats
  3 frilled lizards (D:1)
  6 rats
178 creatures vanquished.

Notes
Turn   | Place    | Note
-------+----------+-------------------------------------------
     0 | D:1      | IndexError the Demonspawn Conjurer began the quest for the
                  | Orb.
     0 | D:1      | Reached XP level 1. HP: 13/13 MP: 3/3
   210 | D:1      | Found Diguok's Jewellery Shop.
   293 | D:1      | Gained mutation: You are partially covered in razor-sharp
                  | scales. (AC +1, Slay +1) [demonic ancestry]
   293 | D:1      | Reached XP level 2. HP: 19/19 MP: 0/5
  1247 | D:1      | Gained mutation: You have a pair of small horns on your
                  | head. [demonic ancestry]
  1247 | D:1      | Reached XP level 3. HP: 24/24 MP: 5/7
  1434 | D:2      | Found Abruomom's Magic Scroll Shop.
  1478 | D:2      | Found the +7 sceptre of Torment {pain, torment}
  1644 | D:2      | Reached skill level 3 in Spellcasting
  1896 | D:2      | Gained mutation: Spells you cast may paralyse adjacent
                  | enemies. [demonic ancestry]
  1896 | D:2      | Reached XP level 4. HP: 30/30 MP: 8/8
  2165 | D:3      | Identified the +1 leather armour "Hoemolaac" {+Inv Fly
                  | rPois Dex-5}
  2180 | D:3      | Learned a level 2 spell: Searing Ray
  2270 | D:3      | Reached skill level 5 in Conjurations
  2366 | D:3      | Noticed Natasha
  2371 | D:3      | Killed Natasha
  2372 | D:3      | Gained mutation: You regenerate a little health from kills.
                  | [demonic ancestry]
  2372 | D:3      | Reached XP level 5. HP: 32/35 MP: 3/10
  2500 | D:3      | Noticed Sigmund
  2517 | D:3      | Killed Sigmund
  2518 | D:3      | Reached skill level 4 in Spellcasting
  2518 | D:3      | Reached XP level 6. HP: 32/41 MP: 6/12
  2581 | D:3      | Noticed Ijyb
  2588 | D:3      | Killed Ijyb
  2589 | D:3      | Reached skill level 6 in Conjurations
  3122 | D:3      | Noticed Natasha
  3128 | D:3      | Killed Natasha
  3193 | D:3      | Noticed Natasha
  3196 | D:3      | Killed Natasha
  3260 | D:4      | Found a staircase to the Ecumenical Temple.
  3617 | D:4      | Reached skill level 5 in Spellcasting
  3920 | D:4      | Found a basalt altar of Yredelemnul.
  4317 | Temple   | Entered the Ecumenical Temple
  4348 | Temple   | Became a worshipper of Vehumet
  4395 | D:5      | Entered Level 5 of the Dungeon
  4517 | D:5      | Gained mutation: You are mostly covered in razor-sharp
                  | scales. (AC +2, Slay +2) [demonic ancestry]
  4517 | D:5      | Reached XP level 7. HP: 45/46 MP: 14/14
  4695 | D:5      | Reached skill level 7 in Conjurations
  4845 | D:5      | Reached skill level 6 in Spellcasting
  5198 | D:5      | Reached XP level 8. HP: 52/52 MP: 11/17
  5403 | D:5      | Found Gego's Jewellery Shoppe.
  5718 | D:6      | Reached skill level 8 in Conjurations
  5777 | D:6      | HP: 13/52 [orc warrior/+0 trident (4)]
  5780 | D:6      | HP: 2/52 [orc warrior/+0 trident (10)]
  6121 | D:6      | Reached skill level 7 in Spellcasting
  6344 | D:6      | Identified the +6 leather armour of Makhleb {Rampage}
  6502 | D:6      | Reached skill level 9 in Conjurations
  7054 | D:6      | Reached XP level 9. HP: 48/57 MP: 20/20
  7156 | D:6      | Reached * piety under Vehumet
  7156 | D:6      | Offered knowledge of Kiss of Death by Vehumet.
  7442 | D:7      | Learned a level 4 spell: Fulminant Prism
  7447 | D:7      | Learned a level 4 spell: Iskenderun's Mystic Blast
  7464 | D:7      | Reached skill level 8 in Spellcasting
  7864 | D:7      | Reached skill level 10 in Conjurations
  8025 | D:7      | HP: 14/57 [killer bee (5)]
  8029 | D:7      | HP: 6/57 [killer bee (5)]
  8034 | D:7      | Reached skill level 9 in Spellcasting
  8901 | D:8      | Noticed Pikel
  8931 | D:7      | Killed Pikel
  8932 | D:7      | Reached skill level 10 in Spellcasting
  8932 | D:7      | Reached skill level 2 in Fighting
  8932 | D:7      | Reached skill level 2 in Hexes
  9266 | D:8      | You are sucked into a shaft and drop 3 floors!
  9299 | D:11     | Noticed a troll
  9311 | D:11     | Killed a troll
  9312 | D:11     | Reached skill level 1 in Translocations
  9312 | D:11     | Reached XP level 10. HP: 41/68 MP: 19/24
  9578 | D:11     | Reached skill level 3 in Fighting
  9578 | D:11     | Reached skill level 3 in Hexes
  9683 | D:11     | Reached skill level 2 in Translocations
  9775 | D:11     | Noticed a cyclops
  9815 | D:11     | Killed a cyclops
  9934 | D:11     | Noticed a gargoyle
  9953 | D:11     | Killed a gargoyle
  9954 | D:11     | Reached skill level 4 in Fighting
  9954 | D:11     | Reached skill level 4 in Hexes
  9954 | D:11     | Reached skill level 3 in Translocations
 10040 | D:10     | Entered Level 10 of the Dungeon
 10049 | D:10     | HP: 7/71 [merfolk/+0 trident (12)]
 10050 | D:10     | Slain by a merfolk

Illustrated notes

Levels and vault maps discovered:
D:1:      ldierk_walled_garden, layout_basic, serial_shops, shop
D:2:      layout_rooms, serial_shops, shop
D:3:      layout_loops_ring, uniq_sigmund, uniq_ijyb, uniq_natasha
D:4:      layout_basic, marbit_many_paths, minmay_temple_entry_grid
D:5:      lemuel_ice_spiral_2, layout_basic, serial_shops,
          nicolae_shop_rolling_square
D:6:      layout_loops_ring, kennysheep_generic_room_9
D:7:      layout_gridville
D:8:      layout_basic, uniq_prince_ribbit1, uniq_pikel
D:10:     kennysheep_town
D:11:     layout_big_octagon
Temple:   mainiacjoe_temple_big_plus

Skill      XL: |  1  2  3  4  5  6  7  8  9 10 |
---------------+-------------------------------+-----
Spellcasting   | 3 4 5 6 7 10 | 10.0
Conjurations   | 5 6 7 9 10 | 10.0
Fighting       | 2 4 |  4.1
Hexes          | 2 4 |  4.1
Translocations | 1 3 |  3.0
Dodging        | |  1.7
Stealth        | |  1.7

Action                     |  1- 3 |  4- 6 |  7- 9 | 10-12 || total
---------------------------+-------+-------+-------+-------++-------
  Melee: Unarmed           |    22 |       |       |       ||    22
         Dagger            |    10 |       |       |       ||    10
         Eveningstar       |    38 |    51 |   153 |    30 ||   272
         Headbutt          |     3 |     3 |    18 |     8 ||    32
   Cast: Magic Dart        |    57 |    28 |    69 |     6 ||   160
         Searing Ray       |       |    11 |    19 |     7 ||    37
         Iskenderun's Myst |       |       |     3 |       ||     3
   Stab: Sleeping          |     5 |       |     2 |       ||     7
         Paralysed         |       |     1 |     8 |       ||     9
 Armour: Robe              |    33 |     1 |       |       ||    34
         Leather armour    |       |    45 |   234 |    54 ||   333
  Dodge: Dodged            |    61 |    37 |   171 |    11 ||   280

Table legend: (Time is in decaauts)
 A = Elapsed time spent in this place.
 B = Non-inter-level travel time spent in this place.
 C = Inter-level travel time spent in this place.
 D = Time resting spent in this place.
 E = Time spent auto-exploring this place.
 F = Levels seen in this place.
 G = Mean time per level.
                   A        B        C        D        E       F      G
               +--------+--------+--------+--------+--------+-----+--------+
         Total |  10195 |   9337 |    858 |      6 |   7923 |  11 |  926.8 |
       Dungeon |  10133 |   9334 |    799 |      6 |   7923 |  10 | 1013.3 |
        Temple |     61 |      2 |     59 |      0 |      0 |   1 |   61.0 |
               +--------+--------+--------+--------+--------+-----+--------+

Top non-repeatable levels by time:
     D:7: 1623 daAuts
     D:6: 1565 daAuts
     D:1: 1433 daAuts
     D:5: 1385 daAuts
     D:3: 1174 daAuts
     D:4: 1119 daAuts
    D:11: 789 daAuts
     D:2: 740 daAuts
     D:8: 287 daAuts
  Temple: 61 daAuts
    D:10: 14 daAuts

Levels and vault maps discovered:
D:1:      ldierk_walled_garden, layout_basic, serial_shops, shop
D:2:      layout_rooms, serial_shops, shop
D:3:      layout_loops_ring, uniq_sigmund, uniq_ijyb, uniq_natasha
D:4:      layout_basic, marbit_many_paths, minmay_temple_entry_grid
D:5:      lemuel_ice_spiral_2, layout_basic, serial_shops,
          nicolae_shop_rolling_square
D:6:      layout_loops_ring, kennysheep_generic_room_9
D:7:      layout_gridville
D:8:      layout_basic, uniq_prince_ribbit1, uniq_pikel
D:10:     kennysheep_town
D:11:     layout_big_octagon
Temple:   mainiacjoe_temple_big_plus

Table legend: (Time is in decaauts)
 A = Elapsed time spent in this place.
 B = Non-inter-level travel time spent in this place.
 C = Inter-level travel time spent in this place.
 D = Time resting spent in this place.
 E = Time spent auto-exploring this place.
 F = Levels seen in this place.
 G = Mean time per level.
                   A        B        C        D        E       F      G
               +--------+--------+--------+--------+--------+-----+--------+
         Total |  10195 |   9337 |    858 |      6 |   7923 |  11 |  926.8 |
       Dungeon |  10133 |   9334 |    799 |      6 |   7923 |  10 | 1013.3 |
        Temple |     61 |      2 |     59 |      0 |      0 |   1 |   61.0 |
               +--------+--------+--------+--------+--------+-----+--------+

Top non-repeatable levels by time:
     D:7: 1623 daAuts
     D:6: 1565 daAuts
     D:1: 1433 daAuts
     D:5: 1385 daAuts
     D:3: 1174 daAuts
     D:4: 1119 daAuts
    D:11: 789 daAuts
     D:2: 740 daAuts
     D:8: 287 daAuts
  Temple: 61 daAuts
    D:10: 14 daAuts

Table legend:
 A = Kills in this place as a percentage of kills in the entire game.
 B = Kills by you in this place as a percentage of kills by you in the entire game.
 C = Kills by friends in this place as a percentage of kills by friends in the entire game.
 D = Other kills in this place as a percentage of other kills in the entire game.
 E = Experience gained in this place as a percentage of experience gained in the entire game.
 F = Experience gained in this place divided by the number of levels of this place that you have seen.
                   A       B       C       D       E      F
               +-------+-------+-------+-------+-------+----------------------
         Total | 100.0 | 100.0 |   N/A |   N/A | 100.0 | 710.5
       Dungeon | 100.0 | 100.0 |   N/A |   N/A | 100.0 | 781.6
               +-------+-------+-------+-------+-------+----------------------
